 Dungeon Crawl Stone Soup version 0.30-a0-1164-ge08a67761e (webtiles) character file.

Game seed: 7227928729144601781

36955 NateTC the Destroyer (level 13, -8/76 HPs)
             Began as a Deep Elf Earth Elementalist on Apr 29, 2023.
             Was an Elder of Elyvilon.
             Mangled by a skyshark (10 damage)
             ... on level 4 of the Lair of Beasts.
             The game lasted 01:13:47 (18584 turns).

NateTC the Destroyer (Deep Elf Earth Elementalist) Turns: 18584, Time: 01:13:48

Health: -8/76      AC:  8    Str: 10    XL:     13   Next: 55%
Magic:  24/36      EV: 16    Int: 26    God:    Elyvilon [****..]
Gold:   1125       SH:  0    Dex: 15    Spells: 4/29 levels left

rFire   + . .        j - +10 quarterstaff "Fueg" {holy, rPois Str+3}
rCold   + . .        (shield currently unavailable)
rNeg    . . .        I - +1 steam dragon scales
rPois   +            S - +0 hat of Neshrat {rF+ rC+ Str+2 Stlth+}
rElec   .            (no cloak)
rCorr   .            d - +0 pair of gloves
SInv    .            P - +0 pair of boots
Will    +....        A - amulet of magic regeneration
Stlth   +++          p - ring of magical power
HPRegen 0.32/turn    a - ring of wizardry
MPRegen 0.65/turn

%: wizardry (x1)
@: no status effects
A: no striking features
a: Renounce Religion, Purification, Heal Other, Heal Self


You were on level 4 of the Lair of Beasts.
You worshipped Elyvilon.
Elyvilon was greatly pleased with you.
You visited 2 branches of the dungeon, and saw 15 of its levels.
You also visited: Ossuary.

You collected 2181 gold pieces.
You spent 1056 gold pieces at shops.

Inventory:

Hand Weapons
 j - the +10 quarterstaff "Fueg" (weapon) {holy, rPois Str+3}
   (You found it on level 2 of the Lair of Beasts)

   Str:       It affects your strength (+3).
   rPois:     It protects you from poison.
Missiles
 t - 3 throwing nets
Armour
 d - a +0 pair of gloves (worn)
 F - a +0 kite shield
 I - +1 steam dragon scales (worn)
 P - a +0 pair of boots (worn)
 S - the +0 hat of Neshrat (worn) {rF+ rC+ Str+2 Stlth+}
   (You acquired it on level 2 of the Lair of Beasts)

   Str:       It affects your strength (+2).
   rF:        It protects you from fire.
   rC:        It protects you from cold.
   Stlth:     It makes you more stealthy.
Magical Staves
 H - a staff of poison
Jewellery
 a - a ring of wizardry (right hand)
 i - a ring of resist corrosion
 n - a +6 ring of strength
 p - a ring of magical power (left hand)
 u - a ring of ice
 x - a +4 ring of protection
 A - an amulet of magic regeneration (around neck)
 G - a ring of willpower
 L - a +4 ring of protection
 M - a ring of positive energy
Wands
 q - a wand of roots (9)
 v - a wand of paralysis (21)
 y - a wand of mindburst (17)
 z - a wand of light (8)
 J - a wand of polymorph (4)
 Q - a wand of digging (2)
Scrolls
 l - 2 scrolls of teleportation
 o - a scroll of blinking
 r - a scroll of identify
 s - a scroll of enchant weapon
 w - 4 scrolls of amnesia
 D - 3 scrolls of immolation
 R - 2 scrolls of summoning
Potions
 b - 3 potions of magic
 c - 2 potions of ambrosia
 e - 5 potions of brilliance
 f - a potion of mutation
 g - 8 potions of might
 h - 8 potions of curing
 k - 3 potions of lignification
 m - 3 potions of flight
 B - 2 potions of attraction
 C - 2 potions of invisibility
 E - a potion of cancellation
 K - a potion of degeneration
 N - a potion of haste
 O - a potion of berserk rage {unknown}


   Skills:
 - Level 6.8 Fighting
 - Level 9.1 Dodging
 - Level 2.4 Stealth
 - Level 2.5 Shields
 - Level 8.6 Spellcasting
 * Level 10.0 Conjurations
 + Level 8.7 Summonings
 - Level 9.0 Translocations
 - Level 3.9 Transmutations
 * Level 8.7 Fire Magic
 - Level 8.7 Earth Magic
 - Level 6.6 Invocations
 - Level 4.7 Evocations


You had 4 spell levels left.
You knew the following spells:

 Your Spells              Type           Power      Damage    Failure   Level
a - Sandblast             Erth           100%       2d20      1%          1
b - Stone Arrow           Conj/Erth      100%       3d13      1%          3
c - Summon Forest         Summ/Tloc      27%        N/A       1%          5
d - Iskenderun's Mystic   Conj/Tloc      57%        2d12      1%          4
e - Starburst             Conj/Fire      28%        6d9       7%          6
f - Summon Cactus Giant   Summ           27%        N/A       9%          6

Your spell library contained the following spells:

 Spells                   Type           Power      Damage    Failure   Level
 Passwall                 Tmut/Erth      36%        N/A       1%          2
 Call Canine Familiar     Summ           54%        N/A       1%          3
 Dazzling Flash           Conj/Hex       74%        N/A       1%          3
 Portal Projectile        Hex/Tloc       68%        N/A       1%          3
 Volatile Blastmotes      Fire/Tloc      100%       2d18      1%          3
 Manifold Assault         Tloc           55%        N/A       1%          4
 Petrify                  Tmut/Erth      44%        N/A       1%          4
 Leda's Liquefaction      Hex/Erth       16%        N/A       3%          4
 Ozocubu's Armour         Ice            11%        N/A       6%          3
 Dispersal                Tloc           27%        N/A       9%          6
 Summon Mana Viper        Hex/Summ       33%        N/A       10%         5
 Metabolic Englaciation   Hex/Ice        5%         N/A       50%         5
 Simulacrum               Ice/Necr       5%         N/A       96%         6
 Disjunction              Tloc           27%        N/A       96%         8


Dungeon Overview and Level Annotations

Branches:
Dungeon (11/15) Zot: 26134  Temple (0/1) D:4            Lair (4/5) D:9 Zot: 18253
  Swamp (0/4) Lair:2       Spider (0/4) Lair:3        Slime (0/5) Lair:4
    Orc (0/2) D:10        Ossuary (visited)

Altars:
Ashenzari
Elyvilon
Gozag
Hepliaklqana
Makhleb
Qazlal
Uskayaw
Vehumet
Zin
Jiyva
Lugonu

Shops:
D:1 *   D:4 =

Annotations:
Lair:1 2 transporters


Message History

Aiming: Stone Arrow (safe; 1% risk of failure)
Press: ? - help, Shift-Dir - straight line, f/p - skyshark
Aim: a skyshark (moderately wounded, berserk, 84% to hit)
The stone arrow hits the skyshark!!
The skyshark is moderately wounded.
The wyvern bites you! The skyshark completely misses you.
The skyshark tail-slaps you but does no damage.
The skyshark tail-slaps you. The wyvern bites you.
Casting: Stone Arrow (safe; 1% risk of failure)
Confirm with . or Enter, or press ? or * to list all spells.
Aiming: Stone Arrow (safe; 1% risk of failure)
Press: ? - help, Shift-Dir - straight line, f/p - skyshark
Aim: a skyshark (moderately wounded, berserk, 84% to hit)
Okay, then.
Casting: Stone Arrow (safe; 1% risk of failure)
Confirm with . or Enter, or press ? or * to list all spells.
Casting: Starburst (dangerous; 7% risk of failure)
Press: ? - help, Dir - look around, f - activate The bolt of fire hits the skyshark!!!
The skyshark is severely wounded.
The bolt of fire hits the wyvern!!
You kill the wyvern!
The skyshark misses you. x2
The skyshark tail-slaps you but does no damage.
The skyshark barely misses you. The skyshark closely misses you. x2
Casting: Starburst (dangerous; 7% risk of failure)
Confirm with . or Enter, or press ? or * to list all spells.
Aiming: Sandblast (safe; 1% risk of failure)
Press: ? - help, Shift-Dir - straight line, f - skyshark
Aim: a skyshark (severely wounded, berserk, 89% to hit)
The blast of sand hits the skyshark!
The skyshark is almost dead.
The skyshark bites you!!
* * * LOW HITPOINT WARNING * * *
The skyshark barely misses you.
The skyshark tail-slaps you but does no damage.
The skyshark misses you.
The skyshark tail-slaps you but does no damage.
The skyshark tail-slaps you!
You die...

## ## ###.##.# ### ###
..##......###P####.# #
......†@.###.....#.###..
...#.###l....##........#
##....#.........# ##
#.............##
#######.##
##............P#
....P.....
#.......8.....#
.....†.... .
#............##
..........
...###............#
........#
.................##


You could see a skyshark (berserk).

Vanquished Creatures
  3 hydras
  A boulder beetle (Lair:2)
  4 two-headed ogres
  3 death yaks (D:9)
  A skeletal warrior (D:10)
  11 elephants
  An ugly thing (D:11)
  2 black mambas
  2 gargoyles
  3 kobold demonologists (D:10)
  3 komodo dragons (Lair:3)
  7 cane toads
  A rime drake (Lair:2)
  A troll (D:10)
  A polar bear (Lair:4)
  Grinder (D:6)
  2 tyrant leeches (Lair:2)
  5 dream sheep
  25 blink frogs
  3 shadows
  2 vampires (D:11)
  5 wyverns
  4 basilisks
  39 yaks
  A steam dragon (D:9)
  3 redbacks (Lair:3)
  2 swamp worms (Lair:2)
  7 water moccasins
  2 orc warriors
  A sky beast (D:7)
  3 ice beasts
  2 ogres (D:5)
  14 wolves
  4 centaurs
  3 phantoms
  2 kobold brigands
  13 bullfrogs
  5 scorpions
  3 wights (D:8)
  3 howler monkeys
  4 orc priests
  7 hounds
  5 jellies
  2 iguanas
  9 hell rats
  2 sleepcaps (D:7)
  9 orc wizards
  A statue (D:8)
  9 mummies
  5 river rats (Lair:3)
  10 adders
  A shadow imp (D:8)
  A worm (D:3)
  3 dart slugs
  45 orcs
  7 bats
  9 endoplasms
  6 giant cockroaches
  4 hobgoblins
  3 jackals (D:1)
  14 kobolds
  3 quokkas
  8 ball pythons
  6 frilled lizards
  2 gnoll zombies (Ossuary)
  12 goblins
  A hobgoblin zombie (Ossuary)
  A kobold zombie (Ossuary)
  4 orc zombies (Ossuary)
  8 rats
399 creatures vanquished.

Vanquished Creatures (others)
  8 demonic plants (D:10)
  42 fungi
  28 plants
78 creatures vanquished.

Grand Total: 477 creatures vanquished

Notes
Turn   | Place    | Note
-------+----------+-------------------------------------------
     0 | D:1      | NateTC the Deep Elf Earth Elementalist began the quest for
                  | the Orb.
     0 | D:1      | Reached XP level 1. HP: 10/10 MP: 6/6
   233 | D:1      | Found a faded altar of an unknown god.
   236 | D:1      | Reached skill level 1 in Conjurations
   255 | D:1      | Prayed at the altar of an unknown god.
   255 | D:1      | Became a worshipper of Elyvilon the Healer
   255 | D:1      | Reached * piety under Elyvilon
   268 | D:1      | Reached XP level 2. HP: 15/15 MP: 4/8
   575 | D:1      | Found Paquyzis's Assorted Antiques.
   711 | D:1      | Reached skill level 2 in Conjurations
   828 | D:2      | Reached XP level 3. HP: 19/19 MP: 8/10
   832 | D:2      | Learned a level 3 spell: Stone Arrow
   996 | D:2      | Reached ** piety under Elyvilon
  1132 | D:2      | Reached skill level 1 in Invocations
  1449 | D:3      | Reached XP level 4. HP: 24/24 MP: 9/11
  1692 | D:3      | Reached skill level 3 in Conjurations
  2036 | D:4      | Found a stormy altar of Qazlal.
  2093 | D:4      | Noticed a phantom
  2099 | D:4      | Killed a phantom
  2100 | D:4      | Reached XP level 5. HP: 10/28 MP: 5/12
  2210 | D:4      | Found Anga's Jewellery Emporium.
  2220 | D:4      | You fall into a shaft and drop 3 floors!
  2220 | D:7      | Reached *** piety under Elyvilon
  2241 | D:7      | Reached skill level 4 in Conjurations
  2241 | D:7      | Reached XP level 6. HP: 14/32 MP: 0/13
  2471 | D:5      | Entered Level 5 of the Dungeon
  2770 | D:5      | Reached skill level 5 in Conjurations
  2932 | D:5      | Reached skill level 5 in Earth Magic
  3164 | D:5      | Found a glowing silver altar of Zin.
  3210 | D:5      | Reached XP level 7. HP: 36/36 MP: 14/14
  3503 | D:5      | Reached skill level 6 in Conjurations
  3660 | D:5      | Found a broken altar of Ashenzari.
  3664 | D:5      | Saw a vision of the Swamp and the Spider Nest.
  3664 | D:5      | Noticed a culicivora
  3664 | D:5      | Noticed a culicivora
  3664 | D:5      | Noticed a torpor snail
  3664 | D:5      | Noticed a tarantella
  3664 | D:5      | Noticed a bog body
  3664 | D:5      | Noticed a tarantella
  3664 | D:5      | Noticed a goliath frog
  3664 | D:5      | Noticed a wolf spider
  3664 | D:5      | Noticed a tarantella
  3664 | D:5      | Noticed a five-headed hydra
  3664 | D:5      | Noticed a tarantella
  3664 | D:5      | Noticed a demonic crawler
  3664 | D:5      | Noticed a jumping spider
  3664 | D:5      | Noticed a jumping spider
  3664 | D:5      | Noticed a tarantella
  3666 | D:5      | Noticed a culicivora
  3798 | D:6      | Reached **** piety under Elyvilon
  4135 | D:6      | Reached skill level 1 in Fighting
  4135 | D:6      | Reached XP level 8. HP: 29/43 MP: 15/16
  4300 | D:6      | Noticed Grinder
  4305 | D:6      | Killed Grinder
  4306 | D:6      | Reached skill level 5 in Spellcasting
  5147 | D:6      | Reached skill level 5 in Dodging
  5147 | D:6      | Reached XP level 9. HP: 28/49 MP: 16/20
  6116 | D:8      | Noticed a two-headed ogre
  6122 | D:8      | Killed a two-headed ogre
  6226 | D:8      | Found a sand-covered staircase.
  6259 | Ossuary  | Entered an ossuary
  6669 | Ossuary  | Reached ***** piety under Elyvilon
  6747 | D:8      | Noticed a two-headed ogre
  6754 | D:8      | Killed a two-headed ogre
  6755 | D:8      | Reached skill level 5 in Fighting
  6868 | D:8      | Learned a level 5 spell: Summon Forest
  6941 | D:8      | Reached skill level 1 in Summonings
  6944 | D:8      | Reached XP level 10. HP: 59/59 MP: 14/23
  7228 | D:8      | Found a hide-covered altar of Uskayaw.
  7447 | D:8      | Found a radiant altar of Vehumet.
  7815 | D:4      | Bought an amulet of magic regeneration for 360 gold pieces
  7939 | D:4      | Found a burning altar of Makhleb.
  7939 | D:4      | Noticed an Executioner
  8347 | D:4      | Found a staircase to the Ecumenical Temple.
  8866 | D:9      | Reached skill level 5 in Summonings
  9071 | D:9      | Reached skill level 1 in Translocations
  9208 | D:9      | Noticed a death yak
  9242 | D:9      | Killed a death yak
  9243 | D:9      | Reached skill level 5 in Invocations
  9244 | D:9      | Noticed a death yak
  9244 | D:9      | Noticed a death yak
  9265 | D:9      | HP: 2/59 [death yak (22)]
  9266 | D:9      | Killed a death yak
  9466 | D:9      | Killed a death yak
  9467 | D:9      | Reached XP level 11. HP: 47/63 MP: 23/24
  9545 | D:9      | Noticed a two-headed ogre
  9554 | D:9      | Killed a two-headed ogre
  9702 | D:9      | Reached skill level 5 in Translocations
  9780 | D:9      | Found a staircase to the Lair.
 10043 | D:9      | Identified a scroll of acquirement
 10043 | D:9      | Acquired 863 gold pieces
 10171 | D:4      | Bought a ring of wizardry for 360 gold pieces
 10259 | D:1      | Bought a twisted runed staff for 336 gold pieces
 10475 | Lair:1   | Entered Level 1 of the Lair of Beasts
 10542 | D:10     | Entered Level 10 of the Dungeon
 10577 | D:10     | Reached skill level 1 in Shields
 10631 | D:10     | Found a white marble altar of Elyvilon.
 10646 | D:10     | Found a corrupted altar of Lugonu.
 10927 | D:10     | Found a staircase to the Orcish Mines.
 11365 | D:10     | Reached ****** piety under Elyvilon
 11394 | D:10     | Found an opulent altar of Gozag.
 11475 | D:10     | Noticed a skeletal warrior
 11475 | D:10     | Found the +8 mithril axe "Arga" {speed, Will+}
 11484 | D:10     | Killed a skeletal warrior
 11940 | D:10     | Found a hazy altar of Hepliaklqana.
 12075 | D:11     | Noticed a boulder beetle
 12075 | D:11     | Noticed a two-headed ogre
 12076 | D:11     | Noticed a two-headed ogre
 12099 | D:11     | Noticed a red ugly thing
 12111 | D:11     | Killed a red ugly thing
 12376 | D:10     | Killed a two-headed ogre
 12668 | Lair:1   | Elyvilon protects you from harm!
 12926 | Lair:1   | Reached XP level 12. HP: 66/68 MP: 23/25
 13036 | Lair:1   | Found a transporter.
 13190 | Lair:1   | Found a transporter.
 13516 | Lair:1   | Identified the +8 trident of the Final Decision {heavy,
                  | +Blink rC+}
 13589 | Lair:1   | Learned a level 4 spell: Iskenderun's Mystic Blast
 13596 | Lair:1   | Learned a level 6 spell: Starburst
 13629 | Lair:1   | Reached skill level 1 in Fire Magic
 13997 | Lair:1   | Learned a level 6 spell: Summon Cactus Giant
 14606 | Lair:2   | Acquired the +0 hat of Neshrat {rF+ rC+ Str+2 Stlth+}
 14628 | Lair:2   | Identified the +10 quarterstaff "Fueg" {holy, rPois Str+3}
 14635 | Lair:2   | Noticed a boulder beetle
 14637 | Lair:2   | Reached skill level 7 in Conjurations
 14669 | Lair:2   | Elyvilon protects you from harm!
 14674 | Lair:2   | Reached skill level 5 in Fire Magic
 14674 | Lair:2   | Killed a boulder beetle
 15344 | Lair:2   | Noticed a seven-headed hydra
 15350 | Lair:2   | Killed a seven-headed hydra
 15469 | Lair:2   | Found a staircase to the Swamp.
 15484 | Lair:2   | Reached skill level 8 in Conjurations
 16023 | Lair:3   | Noticed a four-headed hydra
 16045 | Lair:2   | Killed a four-headed hydra
 16046 | Lair:2   | Reached XP level 13. HP: 25/76 MP: 18/27
 16262 | Lair:3   | Found a hole to the Spider Nest.
 16647 | Lair:3   | Reached skill level 9 in Conjurations
 16782 | Lair:3   | You fall into a shaft and drop 1 floor!
 17025 | Lair:4   | Found a staircase to the Slime Pits.
 17049 | Lair:4   | Elyvilon protects you from harm!
 18266 | Lair:4   | Found a viscous altar of Jiyva.
 18510 | Lair:4   | Reached skill level 10 in Conjurations
 18584 | Lair:4   | HP: 2/76 [skyshark (24)]
 18584 | Lair:4   | Mangled by a skyshark

Illustrated notes

Levels and vault maps discovered:
D:1:      wander_arrival_chamber, layout_loops_cross, serial_shops,
          nicolae_shop_crystal, ebering_ecumenical_altar_petrified,
          minmay_indecisive_spiral
D:2:      layout_rooms
D:3:      layout_loops_ring, grunt_ministairs_14
D:4:      layout_basic, makhleb_altar_promises_db,
          mainiacjoe_overflow_six_doors_small, minmay_temple_entry_butterflies,
          serial_shops, nicolae_shop_tiny_real_fake_doors
D:5:      layout_basic, grunt_ashenzari_visionary
          [grunt_ashenzari_visionary_swamp, grunt_ashenzari_visionary_spider],
          mainiacjoe_overflow_alcove_1
D:6:      layout_basic, uniq_grinder
D:7:      layout_basic, nicolae_figureground_pulse
D:8:      layout_basic, nicolae_overflow_hidden_temple, vehumet_statue,
          gup_ossuary_entry_pyramid
D:9:      layout_irregular_city, dpeg_lair_monsters
D:10:     kennysheep_kobold_lugonu_temple, layout_long_grid, marbit_many_paths,
          kennysheep_mini, mainiacjoe_overflow_chevrons, hiddenorc1_lemuel,
          small_chamber_with_monster, nicolae_zen_rock_garden
D:11:     layout_rooms
Lair:1:   gammafunk_cloud_chamber, layout_long_grid, serial_bayou_pond_a,
          lemuel_fruit_tree, infiniplex_staircase_pool
Lair:2:   beast_lair_carwin_large_3, layout_gridlike, minmay_swamp_entry_worms
Lair:3:   layout_cave_pods, spider_nest_entry_webs,
          chequers_serial_rivers_micro_a, minmay_holes, kennysheep_rathole,
          grunt_megastairs_1, infiniplex_staircase_pool_2
Lair:4:   layout_layer_cave, nicolae_slime_entry_field_trip,
          dreamdust_mushroom_princess, grunt_megastairs_5, lemuel_fruit_fields

Skill      XL: |  1  2  3  4  5  6  7  8  9 10 11 12 13 |
---------------+----------------------------------------+-----
Conjurations   | 1 2 3 4 5 6 8 10 | 10.0
Invocations    | 1 2 3 4 6 |  6.6
Earth Magic    | 4 5 6 7 8 |  8.7
Spellcasting   | 4 6 7 8 |  8.6
Fighting       | 1 2 5 6 |  6.8
Dodging        | 5 7 9 |  9.1
Evocations     | 3 4 |  4.7
Summonings     | 1 5 6 7 8 |  8.7
Transmutations | 3 |  3.9
Translocations | 4 9 |  9.0
Shields        | 2 |  2.5
Fire Magic     | 6 8 |  8.7
Stealth        | |  2.4

Action                     |  1- 3 |  4- 6 |  7- 9 | 10-12 | 13-15 || total
---------------------------+-------+-------+-------+-------+-------++-------
  Melee: Unarmed           |     1 |       |       |     1 |       ||     2
         Staff             |       |       |       |     2 |       ||     2
         Quarterstaff      |       |       |       |       |     2 ||     2
   Cast: Sandblast         |    62 |    52 |    50 |    76 |    18 ||   258
         Stone Arrow       |       |     7 |    84 |   399 |   151 ||   641
         Summon Forest     |       |       |       |     2 |       ||     2
         Iskenderun's Myst |       |       |       |     9 |     1 ||    10
         Starburst         |       |       |       |       |     4 ||     4
 Invoke: Heal Self         |       |     1 |     1 |    15 |    13 ||    30
         Purification      |       |     1 |     1 |     4 |     1 ||     7
         Divine Vigour     |       |       |       |       |     1 ||     1
  Evoke: Wand              |       |       |       |     3 |       ||     3
    Use: Scroll            |     3 |     3 |     8 |    15 |     7 ||    36
         Potion            |       |       |       |     6 |     2 ||     8
 Armour: Robe              |     2 |     5 |    16 |    14 |       ||    37
         Steam dragon scal |       |       |       |   100 |    56 ||   156
  Dodge: Dodged            |     6 |    15 |    48 |   261 |   157 ||   487

Table legend: (Time is in decaauts)
 A = Elapsed time spent in this place.
 B = Non-inter-level travel time spent in this place.
 C = Inter-level travel time spent in this place.
 D = Time resting spent in this place.
 E = Time spent auto-exploring this place.
 F = Levels seen in this place.
 G = Mean time per level.
                   A        B        C        D        E       F      G
               +--------+--------+--------+--------+--------+-----+--------+
         Total |  18744 |  17482 |   1262 |   5887 |   4557 |  16 | 1171.5 |
       Dungeon |  12524 |  11313 |   1211 |   3294 |   3413 |  11 | 1138.5 |
          Lair |   5745 |   5695 |     50 |   2318 |   1144 |   4 | 1436.2 |
       Ossuary |    474 |    474 |      0 |    275 |      0 |   1 |  474.0 |
               +--------+--------+--------+--------+--------+-----+--------+

Top non-repeatable levels by time:
  Lair:2: 1781 daAuts
     D:5: 1751 daAuts
  Lair:3: 1643 daAuts
    D:10: 1588 daAuts
  Lair:1: 1572 daAuts
     D:9: 1566 daAuts
     D:6: 1469 daAuts
     D:8: 1395 daAuts
     D:7: 1265 daAuts
     D:4: 968 daAuts
     D:1: 882 daAuts
     D:3: 759 daAuts
  Lair:4: 747 daAuts
     D:2: 533 daAuts
 Ossuary: 474 daAuts
